 Dungeon Crawl Stone Soup version 0.20-a0-493-g19c8d8d (webtiles) character file.

16998 Duffy the Destroyer (level 12, 72/72 HPs)
             Began as a Deep Elf Fire Elementalist on Jan 16, 2017.
             Was a Believer of Vehumet.
             Quit the game on level 1 of the Lair of Beasts.
             The game lasted 00:28:08 (16102 turns).

Duffy the Destroyer (Deep Elf Fire Elementalist)   Turns: 16102, Time: 00:28:08

Health: 72/72      AC: 13    Str:  5    XL:     12   Next: 15%
Magic:  41/41      EV: 18    Int: 26    God:    Vehumet [**....]
Gold:   822        SH:  0    Dex: 15    Spells: 11/28 levels left

rFire    . . .     SeeInvis .   u - staff of power
rCold    + + .     Gourm    .   Y - +3 leather armour of Aqere {rC++ rN+}
rNeg     + . .     Faith    .   (no shield)
rPois    +         Spirit   .   (no helmet)
rElec    .         Reflect  .   C - +0 cloak
rCorr    .         Harm     .   k - +0 pair of gloves
MR       +....                  X - +1 pair of boots
Stlth    ++........             K - amulet of regeneration
Regen    0.7/turn               a - ring of poison resistance
                                p - +3 ring of protection

@: repel missiles
A: no striking features
a: Renounce Religion


You were on level 1 of the Lair of Beasts.
You worshipped Vehumet.
Vehumet was pleased with you.
You were not hungry.

You visited 3 branches of the dungeon, and saw 12 of its levels.
You also visited: Bailey.

You collected 822 gold pieces.

Inventory:

Hand Weapons
 H - the +9 mace of Dullness {crush, rC++ Str+4 Int+4}
   (You took it off an orc on level 4 of the Dungeon)

   It inflicts extra damage upon your enemies.
   It affects your strength (+4).
   It affects your intelligence (+4).
   It greatly protects you from cold.
 J - the +6 mace "Pifuxaxa" {crush, +Fly rElec Stlth-}
   (You found it on level 5 of the Dungeon)

   It inflicts extra damage upon your enemies.
   It insulates you from electricity.
   It lets you fly.
   It makes you less stealthy.
 U - the +8 dagger "Qoomeps" {flame, +Blink}
   (You took it off an orc on level 8 of the Dungeon)

   It has been specially enchanted to burn those struck by it, causing extra
   injury to most foes and up to half again as much damage against particularly
   susceptible opponents.
   It lets you blink.
Armour
 k - a +0 pair of gloves (worn)
 C - a +0 cloak (worn)
 X - a +1 pair of boots (worn)
 Y - the +3 leather armour of Aqere (worn) {rC++ rN+}
   (You found it on level 7 of the Dungeon)

   It greatly protects you from cold.
   It protects you from negative energy.
Magical Staves
 u - an uncursed staff of power (weapon)
 w - an uncursed staff of wizardry
Jewellery
 a - a ring of poison resistance (right hand)
 p - a +3 ring of protection (left hand)
 K - an amulet of regeneration (around neck)
Wands
 O - a wand of paralysis (16/24)
 Q - a wand of iceblast (15/15)
 V - a wand of paralysis (14/24)
 Z - a wand of lightning (8/15)
Scrolls
 d - 2 scrolls of enchant weapon
 e - 3 scrolls of teleportation
 l - 7 scrolls of enchant armour
 n - a scroll of fear
 q - 2 scrolls of fog
 y - 5 scrolls of remove curse
 z - a scroll of magic mapping {unknown}
 F - a scroll of recharging
 G - 2 scrolls of amnesia
 M - 2 scrolls of silence
 R - a scroll of immolation {unknown}
 S - a scroll of blinking {unknown}
 T - a scroll of summoning
 W - a scroll of holy word
Potions
 h - 5 potions of curing
 i - 2 potions of mutation
 j - a potion of haste
 m - a potion of experience
 o - 3 potions of heal wounds
 s - 6 potions of might
 t - 4 potions of brilliance {unknown}
 v - 4 potions of cure mutation {unknown}
 x - 3 potions of flight
 B - 4 potions of agility
 N - a potion of ambrosia
Comestibles
 c - 7 bread rations
 f - 2 beef jerkies
 g - 4 royal jellies
 r - 12 meat rations
 D - 7 slices of pizza
 P - 15 fruits


   Skills:
 + Level 7.5 Fighting
 + Level 11.0 Dodging
 - Level 2.4 Stealth
 - Level 8.5 Spellcasting
 - Level 11.2 Conjurations
 - Level 3.0 Translocations
 - Level 10.8 Fire Magic


You had 11 spell levels left.
You knew the following spells:

 Your Spells              Type           Power        Failure   Level  Hunger
a - Flame Tongue          Conj/Fire      #####        1%          1    None
j - Sticky Flame          Conj/Fire      ######..     1%          4    ##.....
k - Fireball              Conj/Fire      ######....   2%          5    ####...
l - Conjure Flame         Conj/Fire      ######..     1%          3    None
m - Repel Missiles        Chrm/Air       ##....       14%         2    None
B - Blink                 Tloc           N/A          4%          2    None


Dungeon Overview and Level Annotations

Branches:
Dungeon (9/15)             Temple (1/1) D:7            Lair (2/6) D:9
  Swamp (0/4) Lair:2          Orc (0/2) D:9
  Snake: Lair:2-4    Spider: Lair:2-4

Altars:
Ashenzari
Cheibriados
Dithmenos
Elyvilon
Fedhas
Gozag
Hepliaklqana
Kikubaaqudgha
Makhleb
Nemelex Xobeh
Okawaru
Qazlal
Ru
Sif Muna
Trog
Uskayaw
Vehumet
Xom
Yredelemnul
Zin
The Shining One
Beogh

Shops:
D:8 }

Annotations:
Lair:2 Harold


Message History

[a] Weapon [b] Armour [c] Jewellery [d] Book [e] Staff [f] Evocables [g] Food [h] Gold What kind of item would you like to acquire? (\ to view known items)
Something appears at your feet!
w - a curved jewelled staff Wield which item (- for none, * to show all)? (? for menu, Esc to quit)
w - an uncursed staff of wizardry (weapon)
As you read the scroll of acquirement, it crumbles to dust. [a] Weapon [b] Armour [c] Jewellery [d] Book [e] Staff [f] Evocables [g] Food [h] Gold What kind of item would you like to acquire? (\ to view known items)
Something appears at your feet!
u - a gnarled glowing staff Wield which item (- for none, * to show all)? (? for menu, Esc to quit)
You feel your magic capacity increase.
u - an uncursed staff of power (weapon)
All of the chunks of flesh in your inventory have rotted away.
Magic restored.
Done exploring.
Are you sure you want to abandon this character and quit the game? (Confirm with "yes".)

#.............# #.............#
#.............###
..P#..###.#P....# ####..#
####....# ####..#### #....#
......##.###....####
................##P##
###.............@...# #
##...#.#.#....#.#.#
#...#..........#..# ### ###
#..............##.# #.######.#
##.............##.#####........
##P###........##.##.##........
####P.............###.~~~~~~.
##.............##P.~~~~~~.
#..............###.~~~~~~.


There were no monsters in sight!

Vanquished Creatures
  3 hydras
  Pikel (D:6)
  An orc knight (Bailey)
  An orc sorcerer (Bailey)
  3 black mambas
  5 spiny frogs
  A kobold demonologist (Bailey)
  3 komodo dragons
  2 hippogriffs (Lair:1)
  2 dream sheep (D:9)
  A wyvern (Lair:2)
  13 yaks
  Sigmund (D:2)
  2 basilisks
  A warg (D:9)
  A swamp drake (Lair:2)
  7 water moccasins
  11 orc warriors
  4 sky beasts
  3 ice beasts
  2 phantoms (D:7)
  A slave (D:6)
  A necrophage (D:9)
  7 wolves (Lair:2)
  2 ogres (D:4)
  7 centaurs
  4 crocodiles
  4 big kobolds (D:9)
  6 bullfrogs
  A scorpion (D:6)
  6 killer bees (D:8)
  A wight (D:5)
  2 electric eels (Bailey)
  2 howler monkeys
  A centaur zombie (D:9)
  5 crimson imps
  3 bullfrog zombies
  5 hounds
  3 jellies
  Crazy Yiuf (D:5)
  A bullfrog skeleton (D:9)
  4 orc priests
  4 orc wizards
  11 worker ants
  2 iguanas (Lair:2)
  A hound skeleton (D:5)
  A howler monkey zombie (D:6)
  2 worker ant zombies
  10 gnolls
  6 adders
  3 shadow imps
  2 oozes
  An adder zombie (D:6)
  7 worms
  A dart slug (D:3)
  5 leopard geckos
  49 orcs
  3 ball pythons
  4 giant cockroaches
  23 goblins
  11 hobgoblins
  5 jackals
  6 quokkas
  5 bats
  7 frilled lizards
  A kobold (D:2)
  8 rats
313 creatures vanquished.

Vanquished Creatures (others)
  A slave (D:6)
  A hound skeleton (D:7)
  2 orcs (D:6)
  2 jackals (D:7)
  2 fungi (Lair:1)
8 creatures vanquished.

Grand Total: 321 creatures vanquished

Notes
Turn   | Place    | Note
-------+----------+-------------------------------------------
     0 | D:1      | Duffy the Deep Elf Fire Elementalist began the quest for the Orb.
     0 | D:1      | Reached XP level 1. HP: 10/10 MP: 6/6
   150 | D:1      | Reached XP level 2. HP: 15/15 MP: 5/8
   732 | D:2      | Reached XP level 3. HP: 12/19 MP: 2/9
   737 | D:2      | Learned a level 3 spell: Conjure Flame
  1205 | D:2      | Found a shadowy altar of Dithmenos.
  1205 | D:2      | Noticed Sigmund
  1524 | D:3      | Found a hide-covered altar of Uskayaw.
  1579 | D:3      | Reached XP level 4. HP: 24/24 MP: 8/12
  1585 | D:3      | Learned a level 4 spell: Sticky Flame
  2555 | D:2      | Found a faded altar of an unknown god.
  2646 | D:2      | Killed Sigmund
  2646 | D:2      | Reached XP level 5. HP: 28/28 MP: 6/13
  2938 | D:4      | Learned a level 5 spell: Fireball
  2980 | D:4      | Reached XP level 6. HP: 32/32 MP: 8/14
  3081 | D:4      | Reached skill level 5 in Conjurations
  3081 | D:4      | Reached skill level 5 in Fire Magic
  3557 | D:4      | Reached XP level 7. HP: 36/36 MP: 7/15
  3736 | D:4      | Got a shimmering mace {crush}
  3737 | D:4      | Identified the +9 mace of Dullness {crush, rC++ Str+4 Int+4} (You took it off an orc on level 4 of the Dungeon)
  4241 | D:5      | Entered Level 5 of the Dungeon
  4553 | D:5      | Found a runed door.
  4560 | D:5      | Noticed Crazy Yiuf
  4568 | D:5      | Killed Crazy Yiuf
  4636 | D:5      | Got a twisted mace
  4898 | D:5      | Found a snail-covered altar of Cheibriados.
  5414 | D:6      | Reached XP level 8. HP: 36/41 MP: 8/16
  5505 | D:6      | Learned a level 2 spell: Repel Missiles
  5750 | D:6      | Reached skill level 5 in Spellcasting
  5754 | D:6      | Learned a level 2 spell: Blink
  5954 | D:6      | Noticed Pikel
  6009 | D:6      | Reached skill level 1 in Translocations
  6074 | D:6      | Killed Pikel
  6629 | D:7      | Got a bronze leather armour
  6682 | D:7      | Reached XP level 9. HP: 45/45 MP: 20/23
  6781 | D:7      | Found a flagged portal.
  6830 | Bailey   | Entered a bailey
  7110 | Bailey   | Found an iron altar of Okawaru.
  7110 | Bailey   | Noticed an orc sorcerer
  7110 | Bailey   | Noticed a kobold demonologist
  7129 | Bailey   | Noticed an orange demon
  7131 | Bailey   | Noticed a rust devil
  7134 | Bailey   | Killed an orc sorcerer
  7134 | Bailey   | Killed a kobold demonologist
  7750 | Bailey   | Noticed an orc knight
  7762 | Bailey   | Killed an orc knight
  7762 | Bailey   | Reached skill level 10 in Conjurations
  7762 | Bailey   | Reached skill level 10 in Fire Magic
  8220 | Bailey   | Reached XP level 10. HP: 50/50 MP: 15/24
  8821 | Bailey   | Identified the +3 leather armour of Aqere {rC++ rN+} (You found it on level 7 of the Dungeon)
  8836 | Bailey   | Identified the +6 mace "Pifuxaxa" {crush, +Fly rElec Stlth-} (You found it on level 5 of the Dungeon)
  8900 | D:7      | Found a white marble altar of Elyvilon.
  9147 | D:7      | Got a translucent short sword
  9420 | D:7      | Found a staircase to the Ecumenical Temple.
  9430 | Temple   | Entered the Ecumenical Temple
  9502 | Temple   | Became a worshipper of Vehumet
  9687 | D:7      | Found a burning altar of Makhleb.
  9692 | D:7      | Noticed a blizzard demon
  9694 | D:7      | Found a glowing silver altar of Zin.
  9694 | D:7      | Noticed an angel
 10285 | D:8      | Got a slimy dagger {flame}
 10443 | D:8      | Found a bloodstained altar of Trog.
 10957 | D:8      | Found Yzanwof's Gadget Emporium.
 10979 | D:8      | Identified the +8 short sword "Olycud" {pierce, Str+4} (You found it on level 7 of the Dungeon)
 10980 | D:8      | Identified the +8 dagger "Qoomeps" {flame, +Blink} (You took it off an orc on level 8 of the Dungeon)
 11339 | D:9      | Reached skill level 1 in Fighting
 11584 | D:9      | Reached * piety under Vehumet
 11584 | D:9      | Offered knowledge of Freeze by Vehumet.
 12171 | D:9      | Found a staircase to the Orcish Mines.
 12172 | D:9      | Found a roughly hewn altar of Beogh.
 12301 | D:9      | Reached skill level 5 in Dodging
 12414 | D:9      | Noticed a three-headed hydra
 12431 | D:9      | Killed a three-headed hydra
 12431 | D:9      | Reached XP level 11. HP: 56/61 MP: 16/25
 12598 | D:9      | Got a fine halberd {flame}
 12599 | D:9      | Identified the +5 halberd of Gallantry {flame, +Inv rN+ MR- Int+5} (You took it off a big kobold on level 9 of the Dungeon)
 12890 | D:9      | Reached ** piety under Vehumet
 12890 | D:9      | Offered knowledge of Shock by Vehumet.
 12979 | D:9      | Found a staircase to the Lair.
 13525 | Lair:1   | Entered Level 1 of the Lair of Beasts
 13701 | Lair:1   | Reached skill level 5 in Fighting
 14747 | Lair:1   | Noticed a six-headed hydra
 15282 | Lair:2   | Killed a six-headed hydra
 15282 | Lair:2   | Reached skill level 10 in Dodging
 15467 | Lair:2   | Offered knowledge of Ignite Poison by Vehumet.
 15489 | Lair:2   | Reached XP level 12. HP: 72/72 MP: 12/26
 15580 | Lair:2   | Found a staircase to the Swamp.
 15634 | Lair:2   | Noticed a seven-headed hydra
 15643 | Lair:2   | Killed a seven-headed hydra
 15990 | Lair:2   | Noticed Harold
 16102 | Lair:1   | Quit the game

Vault maps used:
D:1:      matt_arrival_spirals
D:2:      nicolae_dithmenos_through_a_glass_darkly,
          chequers_ecumenical_altar_twisty, uniq_sigmund
D:3:      eat_drink_and_be_merry_uskayaw, first_bread
D:4:      wad_river_or_something
D:5:      cheibrodos_worm_habitat, uniq_crazy_yiuf_cottage
D:6:      uniq_pikel
D:7:      grunt_temple_overflow_order_and_chaos_2, elyvilon_altar_4,
          lightli_bailey_entry_fortress
D:8:      bloody_trog, serial_shops, nicolae_shop_competitors_out_of_business
D:9:      lair_entry_dummy, david_orc_5, hangedman_ranch,
          hangedman_minor_gate_pass
Temple:   nicolae_temple_great_sept
Lair:2:   minmay_swamp_entry_reptiles, st_stairs_11, grunt_megastairs_3,
          uniq_gastronok, uniq_harold
Bailey:   bailey_axe_of_yendor_kennysheep, bailey

Skill      XL: |  1  2  3  4  5  6  7  8  9 10 11 12 |
---------------+-------------------------------------+-----
Conjurations   | 2 3 4 5 7 10 11 | 11.2
Spellcasting   | 4 8 |  8.5
Fire Magic     | 4 5 7 10 | 10.8
Translocations | 3 |  3.0
Fighting       | 4 7 |  7.5
Dodging        | 6 10 11 | 11.0
Stealth        | |  2.4

Action                   |  1- 3 |  4- 6 |  7- 9 | 10-12 || total
-------------------------+-------+-------+-------+-------++-------
Melee: Mace              |       |       |    15 |    27 ||    42
 Cast: Flame Tongue      |    58 |    78 |   191 |   296 ||   623
       Sticky Flame      |       |     2 |    19 |    57 ||    78
       Conjure Flame     |       |     1 |     8 |    23 ||    32
       Fireball          |       |       |     4 |    41 ||    45
       Repel Missiles    |       |       |     1 |     2 ||     3
  Use: Scroll            |       |       |       |    25 ||    25
  Eat: Chunk             |     2 |     6 |    13 |    31 ||    52
       Pizza             |       |       |     2 |       ||     2
Armor: Robe              |     4 |     4 |    12 |       ||    20
       Leather armour    |       |       |       |    54 ||    54
Dodge: Dodged            |     9 |    25 |    44 |   114 ||   192
       Deflected         |       |       |     2 |     4 ||     6
